 Dungeon Crawl Stone Soup version 0.19.1 (webtiles) character file.

1264 Host24 the Nimble (level 8, -6/54 HPs)
             Began as a Kobold Hunter on Jan 26, 2017.
             Killed by divine providence
             ... invoked by an orc priest
              (11 damage)
             ... on level 6 of the Dungeon.
             The game lasted 00:13:20 (8270 turns).

Host24 the Nimble (Kobold Hunter)                   Turns: 8270, Time: 00:13:20

Health: -6/54      AC:  4    Str:  9    XL:     8   Next: 82%
Magic:  8/8        EV: 20    Int: 12    God:
Gold:   367        SH:  3    Dex: 18    Spells: 0 memorised, 7 levels left

rFire  . . .     SeeInvis +     b - +0 short sword
rCold  + . .     Gourm    .     c - +0 leather armour
rNeg   . . .     Faith    .     (shield restricted)
rPois  .         Spirit   .     (no helmet)
rElec  .         Reflect  +     z - +0 cloak
rCorr  .         Harm     .     (no gloves)
MR     .....                    (no boots)
Stlth  ++........               B - +3 amulet of reflection
                                K - ring of protection from cold
                                q - ring of see invisible

@: no status effects
A: carnivore 3
a: no special abilities


You were on level 6 of the Dungeon.
You were completely stuffed.

You visited 1 branch of the dungeon, and saw 6 of its levels.

You collected 367 gold pieces.

Inventory:

Hand Weapons
 a - a +1 hand crossbow
 b - a +0 short sword (weapon)
 y - a +2 dagger of distortion
Missiles
 h - 28 arrows
 p - 263 stones (quivered)
 r - 55 sling bullets
 I - 5 tomahawks
Armour
 c - a +0 leather armour (worn)
 z - a +0 cloak (worn)
Jewellery
 q - a ring of see invisible (left hand)
 B - a +3 amulet of reflection (around neck)
 K - a ring of protection from cold (right hand)
Wands
 g - a wand of teleportation (2/9)
 D - a wand of acid (10/15)
 J - a wand of lightning (7/15)
Scrolls
 e - 5 scrolls of identify
 i - a scroll of teleportation {unknown}
 j - 2 scrolls of magic mapping {unknown}
 l - 2 scrolls of random uselessness {unknown}
 m - 2 scrolls of amnesia {unknown}
 n - 3 scrolls of enchant armour {unknown}
 o - a scroll of blinking {unknown}
 u - a scroll of noise {unknown}
 w - 2 scrolls of immolation {unknown}
 x - a scroll of enchant weapon {unknown}
 H - a scroll of recharging {unknown}
Potions
 k - a potion of flight {unknown}
 s - a potion of berserk rage {unknown}
 t - 2 potions of mutation {unknown}
 v - a potion of magic {unknown}
 A - a potion of agility
 C - a potion of brilliance {unknown}
 E - a potion of invisibility {unknown}
 F - a potion of haste {unknown}
Comestibles
 f - 2 meat rations
 G - a royal jelly
 L - 5 chunks of flesh


   Skills:
 - Level 8.2 Fighting
 - Level 5.0 Crossbows
 + Level 8.5 Dodging
 - Level 1.3 Stealth


You had 7 spell levels left.
You didn't know any spells.

Dungeon Overview and Level Annotations

Branches:
Dungeon (6/15)
 Temple: D:4-7

Altars:

Annotations:
D:4 Grinder
D:6 2 runed doors


Innate Abilities, Weirdness & Mutations

You are small and have problems with some larger weapons.
You are carnivorous and can eat meat at any time.


Message History

You barely miss the orc warrior.
The orc warrior is lightly wounded.
The orc warrior hits you with a war axe!!
You hit the orc warrior but do no damage.
The orc warrior is lightly wounded.
The orc warrior hits you with a war axe.
The orc priest invokes the aid of Beogh against you.
Beogh smites you!
* * * LOW HITPOINT WARNING * * *
An iguana comes into view.
The iguana hisses angrily.
A howler monkey zombie comes into view.
The orc priest mumbles some strange prayers to Beogh against you.
Beogh smites you!
* * * LOW HITPOINT WARNING * * *
The orc priest looks satisfied for a moment.
There is an open door here.
The orc priest mumbles some strange prayers to Beogh against you.
Beogh smites you!
You die...

#'###......# #.# #.#.##.#
...........# #.# #.#.##.#
...........# #.# #.#.##.#
......###### #.# #.#.##.#
......# #.# #.#.##.#
...Z..### #.# #.#.##.#
........########.###.#.##.#
........'.o.l.o.>....#.##.#
##......########@##..#.##.#
#......# #......#..#.##.#
#......# #.###.##..#.##.#
#......# #.##......#.##.#
##......# #.##..###.#.##.#
##......# #.##......#..<.#
##......####.#....#..####.#
.#........##.#..#.#.......#
.########.##.........######


You could see an orc warrior, an iguana and an orc priest.

Vanquished Creatures
  A necrophage (D:5)
  A phantom (D:6)
  2 ogres
  A centaur (D:6)
  A scorpion (D:4)
  A howler monkey (D:5)
  A bullfrog zombie (D:5)
  2 jellies (D:6)
  3 hounds
  An orc wizard (D:3)
  2 orc priests
  A gnoll shaman (D:5)
  3 worker ants
  A hound skeleton (D:6)
  15 gnolls
  7 adders
  A shadow imp (D:5)
  An ooze (D:3)
  3 worms
  2 dart slugs
  6 leopard geckos
  12 orcs
  13 bats
  5 giant cockroaches
  9 hobgoblins
  18 jackals
  8 kobolds
  2 quokkas
  3 ball pythons
  A frilled lizard (D:4)
  8 goblins
  A jackal zombie (D:6)
  A leopard gecko skeleton (D:4)
  8 rats
  A bush (D:2)
146 creatures vanquished.

Vanquished Creatures (others)
  The ghost of Host24 the Skirmisher, an amateur KoHu (D:4)
1 creature vanquished.

Grand Total: 147 creatures vanquished

Notes
Turn   | Place    | Note
-------+----------+-------------------------------------------
     0 | D:1      | Host24 the Kobold Hunter began the quest for the Orb.
     0 | D:1      | Reached XP level 1. HP: 12/12 MP: 1/1
   106 | D:1      | Reached XP level 2. HP: 7/18 MP: 2/2
   697 | D:1      | Reached XP level 3. HP: 19/23 MP: 3/3
   800 | D:1      | Reached skill level 5 in Crossbows
  1332 | D:2      | Reached XP level 4. HP: 26/29 MP: 4/4
  2566 | D:2      | Reached XP level 5. HP: 34/34 MP: 5/5
  2571 | D:2      | Reached skill level 5 in Fighting
  3057 | D:3      | Reached XP level 6. HP: 12/40 MP: 6/6
  3555 | D:3      | Reached skill level 5 in Dodging
  4384 | D:4      | Killed Host24's ghost
  4679 | D:4      | Reached XP level 7. HP: 34/45 MP: 7/7
  5233 | D:4      | Noticed Grinder
  5303 | D:5      | Entered Level 5 of the Dungeon
  5976 | D:6      | Reached XP level 8. HP: 53/53 MP: 8/8
  7144 | D:6      | Found a runed door.
  7166 | D:6      | Found a runed door.
  8270 | D:6      | Killed from afar by an orc priest

Skill      XL: |  1  2  3  4  5  6  7  8 |
---------------+-------------------------+-----
Fighting       | 3 4 5 7 8 |  8.2
Dodging        | 3 4 6 8 |  8.5
Crossbows      | 5 |  5.0
Stealth        | |  1.3

Action                   |  1- 3 |  4- 6 |  7- 9 || total
-------------------------+-------+-------+-------++-------
Melee: Short sword       |   123 |   414 |   341 ||   878
 Fire: Hand crossbow     |     2 |    71 |    33 ||   106
Throw: Stone             |       |       |     1 ||     1
  Use: Scroll            |       |       |     3 ||     3
 Stab: Sleeping          |     3 |     1 |     2 ||     6
       Distracted        |     1 |       |       ||     1
  Eat: Chunk             |    10 |    11 |    12 ||    33
Armor: Leather armour    |    36 |    76 |    35 ||   147
Dodge: Dodged            |   164 |   331 |   303 ||   798
Block: Other             |       |       |     7 ||     7
